 Dungeon Crawl Stone Soup version 0.29.1-15-g9cfb28693d (webtiles) character file.

Game seed: 3476794761930487295

4319 Renzlar the Blocker (level 10, 82/82 HPs)
             Began as a Gnoll Fighter on Mar 12, 2023.
             Quit the game on level 8 of the Dungeon.
             The game lasted 00:27:34 (8976 turns).

Renzlar the Blocker (Gnoll Fighter)                 Turns: 8976, Time: 00:27:35

Health: 82/82      AC: 11    Str: 18    XL:     10   Next: 33%
Magic:  18/18      EV: 13    Int:  8    God:
Gold:   609        SH: 11    Dex: 13    Spells: 19/19 levels left

rFire   + . .      SeeInvis .   b - +2 scimitar (flame)
rCold   + . .      Faith    .   D - +0 buckler
rNeg    . . .      Spirit   .   H - +0 steam dragon scales
rPois   .          Reflect  +   G - +0 helmet
rElec   .          Harm     .   v - scarf {rC+ rF+}
rCorr   .          Rampage  .   j - +2 pair of gloves
Will    .....                   (no boots)
Stlth   +++.......              r - amulet of reflection
HPRegen 0.23/turn               (no ring)
MPRegen 0.16/turn               (no ring)

@: no status effects
A: fangs 1, strong nose, distributed training
a: no special abilities


You were on level 8 of the Dungeon.
You visited 2 branches of the dungeon, and saw 9 of its levels.
You also visited: Ossuary.

You collected 609 gold pieces.

Inventory:

Hand Weapons
 a - a +2 war axe
 b - a +2 scimitar of flaming (weapon)
 c - a +0 sling
 m - a +3 dagger
Missiles
 g - 19 poisoned darts
 t - 3 curare-tipped darts (quivered)
Armour
 j - a +2 pair of gloves (worn)
 v - a scarf of resistance (worn)
 D - a +0 buckler (worn)
 G - a +0 helmet (worn)
 H - +0 steam dragon scales (worn)
 I - a +1 scale mail
Jewellery
 r - an amulet of reflection (around neck)
 x - a ring of flight
Wands
 s - a wand of acid (4)
 w - a wand of polymorph (19)
 C - a wand of flame (28)
 E - a wand of paralysis (6)
Scrolls
 o - a scroll of silence
 B - 4 scrolls of teleportation
 F - a scroll of amnesia
Potions
 f - 3 potions of curing
 h - 2 potions of heal wounds
 i - a potion of flight
 k - 2 potions of lignification
 n - 4 potions of haste
 p - a potion of resistance
 q - a potion of might
 u - a potion of berserk rage {unknown}
 z - 3 potions of mutation {unknown}
 A - 2 potions of cancellation
Miscellaneous
 y - a condenser vane


   Skills:
 + Level 8.5 Fighting
 + Level 5.3 Short Blades
 + Level 5.3 Long Blades
 + Level 7.1 Axes
 + Level 5.3 Maces & Flails
 + Level 5.3 Polearms
 + Level 5.3 Staves
 + Level 5.3 Ranged Weapons
 + Level 5.3 Throwing
 + Level 8.5 Armour
 + Level 5.3 Dodging
 + Level 5.3 Stealth
 + Level 8.5 Shields
 + Level 5.3 Unarmed Combat
 + Level 5.3 Spellcasting
 + Level 4.4 Conjurations
 + Level 4.4 Hexes
 + Level 4.4 Summonings
 + Level 4.4 Necromancy
 + Level 4.4 Translocations
 + Level 4.4 Transmutations
 + Level 4.4 Fire Magic
 + Level 4.4 Ice Magic
 + Level 4.4 Air Magic
 + Level 4.4 Earth Magic
 + Level 4.4 Poison Magic
 + Level 5.9 Invocations
 + Level 5.3 Evocations


You had 19 spell levels left.
You didn't know any spells.
Your spell library contained the following spells:

 Spells                   Type           Power      Damage    Failure   Level
 Confusing Touch          Hex            9%         N/A       16%         3
 Flame Wave               Conj/Fire      9%         2d6       45%         4
 Yara's Violent Unravell  Hex/Tmut       4%         3d4       80%         5
 Starburst                Conj/Fire      4%         6d4       100%        6
 Dragon Form              Tmut           4%         N/A       100%        7
 Enfeeble                 Hex            4%         N/A       100%        7


Dungeon Overview and Level Annotations

Branches:
Dungeon (8/15)             Temple (1/1) D:7         Ossuary (visited)
   Lair: D:8-11

Altars:
Ashenzari
Dithmenos
Elyvilon
Fedhas
Gozag
Hepliaklqana
Kikubaaqudgha
Makhleb
Nemelex Xobeh
Qazlal
Sif Muna
Trog
Uskayaw
Vehumet
Xom
Yredelemnul
Zin
The Shining One
Lugonu

Shops:
D:3 :


Innate Abilities, Weirdness & Mutations

You have very sharp teeth.
Your uncanny sense of smell can sniff out nearby items.
Your experience applies equally to all skills.


Message History

Your +0 helmet melds into your body.
Your +2 pair of gloves melds into your body.
Your +0 buckler melds into your body.
Your +0 steam dragon scales melds into your body.
Your +2 scimitar of flaming stops flaming.
You feel hot and cold all over.
You release spores at something!!
Reactivating autopickup.
You feel a bit more experienced.
Your life force feels restored.
C - a wand of flame (28) (gained 5 charges)
Things that are here:
a +3 dagger of chaos; a +0 robe Your transformation is almost over.
You feel a little less agile now.
You stop sporulating.
Your +2 scimitar of flaming unmelds from your body.
Your scarf of resistance unmelds from your body.
Your +0 helmet unmelds from your body.
Your +2 pair of gloves unmelds from your body.
Your +0 buckler unmelds from your body.
Your +0 steam dragon scales unmelds from your body.
Your +2 scimitar of flaming bursts into flame!
You feel resistant to extremes of temperature.
Magic restored.
The tarantella's many legs skitter faintly.
w - a wand of polymorph (19) (gained 7 charges)
Things that are here:
a +0 spear; a +0 animal skin; the gnoll skeleton of Grum
t - a curare-tipped dart
t - 3 curare-tipped darts (gained 2)
The raiju changes into a culicivora!
The tarantella changes into a harpy!
You see here a +0 plate armour.
The redback changes into a deep troll!
Found an escape hatch in the floor.
Unknown command.
There is a stone staircase leading up here.
Done exploring.
Are you sure you want to abandon this character and quit the game? (Confirm with "yes".)

#................
###.............##
#...............##
##........>.###...
#....#.....#####.
###..#......##.##.
#..[........#....#
#..)....#.........
#@......#.....)...
##.................
#.......###........
#......####........
##..........[......
#...............###
#..###...........#
#####............#
###.......#..#


There were no monsters in sight!

Vanquished Creatures
  Erica (D:8)
  Psyche (D:8)
  A wyvern (D:7)
  Grum (D:8)
  A steam dragon (D:8)
  Duvessa (D:7)
  A water moccasin (D:7)
  3 ice beasts
  3 wolves (D:8)
  2 ogres
  A phantom (D:7)
  A kobold brigand (D:5)
  2 bullfrogs
  3 scorpions
  4 necrophages
  3 wights (D:7)
  Dowan (D:7)
  6 killer bees (D:7)
  A centaur zombie (D:5)
  4 jellies
  4 orc priests
  7 hounds
  2 gnoll boudas
  A human zombie (Ossuary)
  2 iguanas
  An orc wizard (D:4)
  3 hound zombies
  5 mummies
  8 gnolls
  10 adders
  3 white imps
  2 ufetubi (D:4)
  An adder zombie (Ossuary)
  2 worms
  2 dart slugs
  27 orcs
  5 bats
  8 endoplasms
  6 giant cockroaches
  7 goblins
  7 hobgoblins
  3 jackals (D:2)
  19 kobolds
  2 quokkas
  3 ball pythons
  5 frilled lizards
  3 gnoll zombies (Ossuary)
  A goblin zombie (D:6)
  2 hobgoblin zombies
  3 kobold zombies (Ossuary)
  6 rats
  A rat zombie (Ossuary)
202 creatures vanquished.

Vanquished Creatures (others)
  2 gnolls (D:8)
2 creatures vanquished.

Grand Total: 204 creatures vanquished

Notes
Turn   | Place    | Note
-------+----------+-------------------------------------------
     0 | D:1      | Renzlar the Gnoll Fighter began the quest for the Orb.
     0 | D:1      | Reached XP level 1. HP: 23/23 MP: 1/1
   231 | D:1      | Reached XP level 2. HP: 18/29 MP: 2/2
   851 | D:2      | Reached XP level 3. HP: 35/35 MP: 3/3
  1069 | D:2      | Reached skill level 1 in Invocations
  1121 | D:2      | Reached skill level 1 in Short Blades
  1121 | D:2      | Reached skill level 1 in Long Blades
  1121 | D:2      | Reached skill level 1 in Maces & Flails
  1121 | D:2      | Reached skill level 1 in Polearms
  1121 | D:2      | Reached skill level 1 in Staves
  1121 | D:2      | Reached skill level 1 in Ranged Weapons
  1121 | D:2      | Reached skill level 1 in Throwing
  1121 | D:2      | Reached skill level 1 in Dodging
  1121 | D:2      | Reached skill level 1 in Stealth
  1121 | D:2      | Reached skill level 1 in Unarmed Combat
  1121 | D:2      | Reached skill level 1 in Spellcasting
  1121 | D:2      | Reached skill level 1 in Evocations
  1126 | D:2      | Reached XP level 4. HP: 35/41 MP: 5/5
  1262 | D:2      | Reached skill level 1 in Conjurations
  1262 | D:2      | Reached skill level 1 in Hexes
  1262 | D:2      | Reached skill level 1 in Summonings
  1262 | D:2      | Reached skill level 1 in Necromancy
  1262 | D:2      | Reached skill level 1 in Translocations
  1262 | D:2      | Reached skill level 1 in Transmutations
  1262 | D:2      | Reached skill level 1 in Fire Magic
  1262 | D:2      | Reached skill level 1 in Ice Magic
  1262 | D:2      | Reached skill level 1 in Air Magic
  1262 | D:2      | Reached skill level 1 in Earth Magic
  1262 | D:2      | Reached skill level 1 in Poison Magic
  1736 | D:3      | Found a faded altar of an unknown god.
  1911 | D:3      | Found Waheq's Book Emporium.
  1951 | D:3      | Found an ancient bone altar of Kikubaaqudgha.
  1992 | D:3      | Reached XP level 5. HP: 47/47 MP: 5/7
  2054 | D:3      | Found a stormy altar of Qazlal.
  2482 | D:4      | Got Nonait's Tome of Permutations and Conflagration
  2530 | D:4      | Reached skill level 5 in Axes
  2530 | D:4      | Reached XP level 6. HP: 41/53 MP: 7/9
  2769 | D:4      | Found a radiant altar of Vehumet.
  2978 | D:4      | Found a broken altar of Ashenzari.
  3093 | D:4      | Reached XP level 7. HP: 54/60 MP: 10/10
  3376 | D:4      | Identified the +1 robe of the Iron Devil {Contam rC+ Str+7}
  3772 | D:5      | Entered Level 5 of the Dungeon
  4107 | D:5      | Found a shimmering blue altar of Sif Muna.
  4348 | D:5      | Reached XP level 8. HP: 67/67 MP: 12/12
  4351 | D:5      | Found a basalt altar of Yredelemnul.
  5155 | D:6      | Found a sparkling altar of Nemelex Xobeh.
  5213 | D:6      | Found a sand-covered staircase.
  5220 | Ossuary  | Entered an ossuary
  6102 | D:7      | Reached XP level 9. HP: 73/73 MP: 14/14
  6162 | D:7      | Found a staircase to the Ecumenical Temple.
  6171 | Temple   | Entered the Ecumenical Temple
  6584 | D:7      | Noticed Duvessa
  6584 | D:7      | Noticed Dowan
  6595 | D:7      | Killed Duvessa
  6597 | D:7      | Killed Dowan
  7002 | D:7      | Reached skill level 5 in Invocations
  7462 | D:8      | Found a shimmering altar of Xom.
  7525 | D:8      | HP: 1/74 [gnoll/+0 flail[a gnoll bouda] (3)]
  7912 | D:8      | Found a hide-covered altar of Uskayaw.
  8009 | D:8      | Noticed Erica
  8037 | D:8      | Killed Erica
  8038 | D:8      | Reached skill level 5 in Short Blades
  8038 | D:8      | Reached skill level 5 in Long Blades
  8038 | D:8      | Reached skill level 5 in Maces & Flails
  8038 | D:8      | Reached skill level 5 in Polearms
  8038 | D:8      | Reached skill level 5 in Staves
  8038 | D:8      | Reached skill level 5 in Ranged Weapons
  8038 | D:8      | Reached skill level 5 in Throwing
  8038 | D:8      | Reached skill level 5 in Dodging
  8038 | D:8      | Reached skill level 5 in Stealth
  8038 | D:8      | Reached skill level 5 in Unarmed Combat
  8038 | D:8      | Reached skill level 5 in Spellcasting
  8038 | D:8      | Reached skill level 5 in Evocations
  8038 | D:8      | Reached XP level 10. HP: 6/82 MP: 17/17
  8409 | D:8      | Found a shimmering altar of Xom.
  8410 | D:8      | Found a shimmering altar of Xom.
  8410 | D:8      | Found a shimmering altar of Xom.
  8410 | D:8      | Found a shimmering altar of Xom.
  8410 | D:8      | Found a shimmering altar of Xom.
  8411 | D:8      | Found a shimmering altar of Xom.
  8411 | D:8      | Found a shimmering altar of Xom.
  8411 | D:8      | Found a shimmering altar of Xom.
  8412 | D:8      | Found a shimmering altar of Xom.
  8412 | D:8      | Found a shimmering altar of Xom.
  8417 | D:8      | Noticed Psyche
  8427 | D:8      | Noticed Grum
  8440 | D:8      | Killed Grum
  8643 | D:8      | Killed Psyche
  8805 | D:8      | Noticed a harpy
  8805 | D:8      | a tarantella changed into a harpy
  8820 | D:8      | Noticed a deep troll
  8820 | D:8      | a redback changed into a deep troll
  8976 | D:8      | Quit the game

Illustrated notes

Levels and vault maps discovered:
D:1:      dpeg_arrival_rooms_a, layout_loops_ring
D:2:      layout_basic, serial_aquarium, aquarium_bridge_square
          [aquarium_subvault_balcony, aquarium_subvault_balcony,
          aquarium_subvault_bridge, aquarium_subvault_bridge],
          aquarium_window_3, aquarium_window_2, aquarium_view_2d,
          aquarium_balcony_5b, minmay_cupped
D:3:      layout_loops_cross, nicolae_qazlal_general_emergency,
          mainiacjoe_overflow_alcove_1, ebering_ecumenical_altar_webs,
          serial_shops, nicolae_shop_window_shopping, minmay_hedge_maze,
          kennysheep_generic_room_7
D:4:      minmay_thinvault, layout_loops_ring, nicolae_vehumet_radiance,
          nicolae_ashenzari_panopticon, kennysheep_orc_chapel
D:5:      layout_basic, lemuel_zombie_altar_yredelemnul,
          overflow_temple_1_default
D:6:      layout_basic, mainiacjoe_overflow_tiny_flanked,
          nicolae_ossuary_entry_giza, kennysheep_cross_bottleneck
D:7:      layout_loops_corners, minmay_temple_entry_tees,
          hangedman_abyss_or_decor_passed, due_unseen_surprise, uniq_duvessa
D:8:      layout_cave_pools, xom_shifter_show,
          mainiacjoe_overflow_concentric_impassable, uniq_grum, uniq_erica,
          uniq_psyche
Temple:   corrupted_temple

Skill      XL: |  1  2  3  4  5  6  7  8  9 |
---------------+----------------------------+-----
Invocations    | 1 2 3 4 5 |  5.9
Short Blades   | 1 2 3 5 |  5.3
Long Blades    | 1 2 3 5 |  5.3
Maces & Flails | 1 2 3 5 |  5.3
Polearms       | 1 2 3 5 |  5.3
Staves         | 1 2 3 5 |  5.3
Ranged Weapons | 1 2 3 5 |  5.3
Throwing       | 1 2 3 5 |  5.3
Dodging        | 1 2 3 5 |  5.3
Stealth        | 1 2 3 5 |  5.3
Unarmed Combat | 1 2 3 5 |  5.3
Spellcasting   | 1 2 3 5 |  5.3
Evocations     | 1 2 3 5 |  5.3
Conjurations   | 1 2 3 4 |  4.4
Hexes          | 1 2 3 4 |  4.4
Summonings     | 1 2 3 4 |  4.4
Necromancy     | 1 2 3 4 |  4.4
Translocations | 1 2 3 4 |  4.4
Transmutations | 1 2 3 4 |  4.4
Fire Magic     | 1 2 3 4 |  4.4
Ice Magic      | 1 2 3 4 |  4.4
Air Magic      | 1 2 3 4 |  4.4
Earth Magic    | 1 2 3 4 |  4.4
Poison Magic   | 1 2 3 4 |  4.4
Axes           | 5 6 7 |  7.1
Fighting       | 7 8 |  8.5
Armour         | 7 8 |  8.5
Shields        | 7 8 |  8.5

Action                   |  1- 3 |  4- 6 |  7- 9 | 10-12 || total
-------------------------+-------+-------+-------+-------++-------
Melee: War axe           |    72 |    98 |   310 |       ||   480
       Bite              |     1 |    11 |    37 |     1 ||    50
       Trident           |       |       |     4 |       ||     4
       Scimitar          |       |       |       |    38 ||    38
       Unarmed           |       |       |       |     1 ||     1
 Fire: Sling             |    24 |    80 |   135 |     3 ||   242
Throw: Dart              |       |       |     8 |     3 ||    11
  Use: Scroll            |     6 |     6 |     7 |     2 ||    21
Armor: Scale mail        |    32 |    53 |   154 |       ||   239
       Steam dragon scal |       |       |     2 |    15 ||    17
       Skin              |       |       |       |    18 ||    18
Dodge: Dodged            |    34 |    54 |   158 |     9 ||   255
Block: Buckler           |    19 |    33 |   186 |    10 ||   248
       Reflection        |       |       |     2 |       ||     2
